 Dungeon Crawl Stone Soup version 0.27.0-1-g7a089689b8 (webtiles) character file.

Game seed: 7799159949931977038

218 PentaManta the Changer (level 5, -1/37 HPs)
             Began as a Merfolk Transmuter on Aug 14, 2021.
             Slain by a scorpion (6 damage)
             ... on level 4 of the Dungeon.
             The game lasted 00:07:18 (3027 turns).

PentaManta the Changer (Merfolk Transmuter)         Turns: 3027, Time: 00:07:19

Health: -1/37      AC:  2    Str: 10    XL:     5   Next: 95%
Magic:  10/10      EV: 12    Int: 14    God:
Gold:   110        SH:  0    Dex: 14    Spells: 5/11 levels left

rFire    . . .     SeeInvis .     - Unarmed
rCold    . . .     Faith    .   (no shield)
rNeg     . . .     Spirit   .   a - +0 robe
rPois    .         Reflect  .   (helmet currently unavailable)
rElec    .         Harm     .   (no cloak)
rCorr    .         Rampage  .   (no gloves)
Will     .....                  (boots currently unavailable)
Stlth    +.........             (no amulet)
HPRegen  0.12/turn              (no ring)
MPRegen  0.12/turn              (no ring)

@: lethally poisoned (-1 -> -12), appendages (expiring)
A: horns 2, (nimble swimmer 2), mertail
a: End Transformation


You were on level 4 of the Dungeon.
You had temporarily grown beastly horns.
You visited 1 branch of the dungeon, and saw 4 of its levels.

You collected 110 gold pieces.

Inventory:

Hand Weapons
 p - a +2 whip of electrocution
Missiles
 b - 4 boomerangs (quivered)
 n - a throwing net
Armour
 a - a +0 robe (worn)
 m - a +0 leather armour
 o - a +0 helmet
Scrolls
 c - 5 scrolls of identify {unknown}
 d - a scroll of amnesia {unknown}
 e - a scroll of torment {unknown}
 f - a scroll of enchant weapon {unknown}
 h - a scroll of fear {unknown}
 i - 2 scrolls of magic mapping {unknown}
 k - a scroll of noise {unknown}
Potions
 g - 2 potions of heal wounds {unknown}
 j - a potion of curing
 l - a potion of attraction {unknown}


   Skills:
 - Level 1.1 Fighting
 - Level 2.6 Dodging
 - Level 4.0 Unarmed Combat
 * Level 3.7 Spellcasting
 + Level 4.6 Transmutations
 * Level 2.5 Poison Magic


You had 5 spell levels left.
You knew the following spells:

 Your Spells              Type           Power      Damage    Failure   Level
a - Beastly Appendage     Tmut           30%        N/A       3%          1
b - Spider Form           Tmut/Pois      6%         N/A       14%         3
c - Wereblood             Tmut           15%        N/A       4%          2

Your spell library contained the following spells:

 Spells                   Type           Power      Damage    Failure   Level
 Animate Skeleton         Necr           4%         N/A       21%         1
 Corona                   Hex            2%         N/A       21%         1
 Pain                     Necr           8%         1d4       21%         1
 Ensorcelled Hibernation  Hex/Ice        4%         N/A       30%         2
 Tukima's Dance           Hex            2%         N/A       52%         3
 Vampiric Draining        Necr           1%         2d6       52%         3
 Ice Form                 Ice/Tmut       9%         N/A       58%         4


Dungeon Overview and Level Annotations

Branches:
Dungeon (4/15)
 Temple: D:4-7

Altars:
Ashenzari


Innate Abilities, Weirdness & Mutations

You have temporarily grown beastly horns.
((You are quick and stealthy near water. (Stealth+, EV+, Speed+++)))
Your lower body shifts to a powerful aquatic tail in water.


Message History

The scorpion is moderately wounded.
You feel sick. The scorpion closely misses you.
You barely miss the scorpion.
The scorpion is moderately wounded.
You feel sick. The scorpion stings you.
You hit the scorpion but do no damage.
The scorpion is moderately wounded.
You feel sick. The scorpion misses you.
You are too injured to fight recklessly!
You closely miss the scorpion.
The scorpion is moderately wounded.
You feel sick. The scorpion stings you.
* * * LOW HITPOINT WARNING * * *
The scorpion closely misses you.
You feel sick.
Your transformation is almost over.
You feel sick.
It was a potion of curing.
You feel better. The scorpion stings you.
You closely miss the scorpion.
The scorpion is moderately wounded.
The scorpion misses you.
You hit the scorpion but do no damage.
You punch the scorpion, but do no damage.
The scorpion is moderately wounded.
The scorpion barely misses you.
You hit the scorpion.
The scorpion is severely wounded.
The scorpion stings you but does no damage.
You closely miss the scorpion.
The scorpion is severely wounded.
The scorpion stings you.
* * * LOW HITPOINT WARNING * * *
You are lethally poisoned!
The scorpion poisons you! The scorpion misses you.
You barely miss the scorpion.
The scorpion is heavily wounded.
* * * LOW HITPOINT WARNING * * *
You feel very sick. The scorpion stings you.
You die...

⌠#)).........
.#...........
##.##........
#...#.##+####
'...')# .######
#...#)# .......###
#####)# )......'.#
.#....# #......#s#
⌠#...## #......#@#
##...###########.#
.....'...........#
.....#############
.....# .....#
.....# ###### #


You could see a scorpion.

Vanquished Creatures
  A water moccasin zombie (D:4)
  3 gnolls (D:4)
  5 adders
  A dart slug (D:3)
  11 orcs
  8 endoplasms
  7 goblins
  6 hobgoblins
  2 jackals (D:2)
  5 kobolds
  2 quokkas
  7 ball pythons
  2 bats (D:1)
  13 frilled lizards
  8 rats
81 creatures vanquished.

Vanquished Creatures (others)
  A fungus (D:1)
  10 plants
11 creatures vanquished.

Grand Total: 92 creatures vanquished

Notes
Turn   | Place    | Note
-------+----------+-------------------------------------------
     0 | D:1      | PentaManta the Merfolk Transmuter began the quest for the
                  | Orb.
     0 | D:1      | Reached XP level 1. HP: 15/15 MP: 3/3
   122 | D:1      | Reached XP level 2. HP: 5/21 MP: 3/5
   422 | D:1      | Found a faded altar of an unknown god.
   947 | D:1      | Reached XP level 3. HP: 26/26 MP: 4/6
  1530 | D:2      | Reached XP level 4. HP: 32/32 MP: 6/8
  1708 | D:2      | Learned a level 3 spell: Spider Form
  1711 | D:2      | Learned a level 2 spell: Wereblood
  2226 | D:3      | Reached skill level 1 in Poison Magic
  2753 | D:4      | Reached XP level 5. HP: 30/37 MP: 7/9
  2866 | D:4      | Found a broken altar of Ashenzari.
  3027 | D:4      | Slain by a scorpion

Illustrated notes

Levels and vault maps discovered:
D:1:      heliophobic_arrival_ceremonial_halls, layout_rooms,
          shapermc_ecumenical_altar_acropolis
D:2:      layout_rooms
D:3:      layout_basic, minmay_lizard_king
D:4:      layout_basic, evilmike_ruin_ashenzari

Skill      XL: |  1  2  3  4  5 |
---------------+----------------+-----
Transmutations | 3 4 |  4.6
Unarmed Combat | 4 |  4.0
Spellcasting   | 3 |  3.7
Poison Magic   | 1 2 |  2.5
Fighting       | |  1.1
Dodging        | |  2.6

Action                   |  1- 3 |  4- 6 || total
-------------------------+-------+-------++-------
Melee: Unarmed           |    84 |   127 ||   211
       Headbutt          |     9 |     9 ||    18
       Punch             |     2 |     2 ||     4
Throw: Boomerang         |    17 |    11 ||    28
 Cast: Beastly Appendage |    22 |    17 ||    39
       Spider Form       |       |     3 ||     3
       Wereblood         |       |     2 ||     2
  Use: Potion            |       |     1 ||     1
Armor: Robe              |    17 |     9 ||    26
       Skin              |       |     2 ||     2
Dodge: Dodged            |    45 |    68 ||   113
